 Dungeon Crawl Stone Soup version 0.28-a0-630-g0357d9c091 (webtiles) character file.

Game seed: 11793613962223705512

30528 Palle the Cleaver (level 13, -1/124 HPs)
             Began as a Hill Orc Fighter on Oct 9, 2021.
             Was a High Priest of Beogh.
             Slain by a cane toad simulacrum (6 damage)
             ... in an ice cave.
             The game lasted 00:36:30 (18248 turns).

Palle the Cleaver (Hill Orc Fighter)               Turns: 18248, Time: 00:36:31

Health: -1/124     AC: 21    Str: 30    XL:     13   Next: 52%
Magic:  13/13      EV:  9    Int:  8    God:    Beogh [*****.]
Gold:   749        SH: 19    Dex: 15    Spells: 12/12 levels left

rFire   . . .      SeeInvis +   E - +8 whip "Snakebite" {venom, curare, rPois}
rCold   . . .      Faith    .   J - +2 kite shield {rPois}
rNeg    . . .      Spirit   .   z - +0 plate armour
rPois   +          Reflect  +   c - +0 helmet {SInv}
rElec   .          Harm     .   (no cloak)
rCorr   .          Rampage  .   t - +1 pair of gloves
Will    .....                   C - +0 pair of boots
Stlth   ..........              M - amulet of reflection
HPRegen 0.30/turn               G - +4 ring of slaying
MPRegen 0.13/turn               w - ring of Cihen {Str+6 Dex+5}

@: studying Fighting
A: walk on water
a: Renounce Religion, Smiting, Recall Orcish Followers, Give Item to Named
Follower


You were in an ice cave.
You worshipped Beogh.
Beogh was extremely pleased with you.
You visited 2 branches of the dungeon, and saw 15 of its levels.
You also visited: Ice Cave.

You collected 1833 gold pieces.
You spent 1084 gold pieces at shops.

Inventory:

Hand Weapons
 a - a +1 war axe of venom
 E - the +8 whip "Snakebite" (weapon) {venom, curare, rPois}
   (You bought it in a shop on level 8 of the Dungeon)

   It poisons the flesh of those it strikes.
   It occasionally inflicts asphyxiating poison on those it strikes, dealing
   poison damage and causing slowness.
   rPois:     It protects you from poison.
Missiles
 d - 6 boomerangs (quivered)
 A - 3 throwing nets
Armour
 c - a +0 helmet of see invisible (worn)
 t - a +1 pair of gloves (worn)
 z - a +0 plate armour (worn)
 C - a +0 pair of boots (worn)
 J - a +2 kite shield of poison resistance (worn)
Jewellery
 b - a ring of flight
 j - a ring of positive energy
 w - the ring of Cihen (right hand) {Str+6 Dex+5}
   (You found it on level 5 of the Dungeon)

   [ring of strength]

   Str:       It affects your strength (+6).
   Dex:       It affects your dexterity (+5).
 G - a +4 ring of slaying (left hand)
 M - an amulet of reflection (around neck)
Wands
 q - a wand of flame (17)
 u - a wand of paralysis (16)
 x - a wand of acid (6)
 y - a wand of iceblast (54)
 H - a wand of digging (7)
Scrolls
 n - a scroll of magic mapping
 p - 2 scrolls of fog
 B - 3 scrolls of enchant armour
 D - a scroll of silence
 I - a scroll of summoning
 K - a scroll of amnesia
 L - 3 scrolls of identify
Potions
 e - 8 potions of curing
 f - 2 potions of attraction
 g - 2 potions of lignification {unknown}
 h - 2 potions of cancellation
 i - a potion of mutation
 l - 2 potions of heal wounds
 m - 2 potions of brilliance
 o - 4 potions of flight {unknown}
 r - 2 potions of ambrosia
 s - 2 potions of haste
Miscellaneous
 k - a box of beasts


   Skills:
 + Level 14.3 Fighting
 + Level 14.8(16.0) Axes
 + Level 8.6(11.7) Maces & Flails
 + Level 12.0 Armour
 + Level 3.3 Dodging
 + Level 2.9 Stealth
 + Level 12.3 Shields
 + Level 0.8 Invocations


You had 12 spell levels left.
You didn't know any spells.
Your spell library contained the following spells:

 Spells                   Type           Power      Damage    Failure   Level
 Animate Skeleton         Necr           0%         N/A       98%         1
 Pain                     Necr           0%         1d4       98%         1
 Passwall                 Tmut/Erth      0%         N/A       99%         2
 Sublimation of Blood     Necr           0%         N/A       99%         2
 Wereblood                Tmut           0%         N/A       99%         2
 Ozocubu's Armour         Ice            0%         N/A       100%        3
 Swiftness                Air            0%         N/A       100%        3
 Vampiric Draining        Necr           0%         2d6       100%        3
 Metabolic Englaciation   Hex/Ice        0%         N/A       100%        5
 Conjure Ball Lightning   Conj/Air       0%         3x3d6     100%        6
 Invisibility             Hex            0%         N/A       100%        6
 Simulacrum               Ice/Necr       0%         N/A       100%        6
 Summon Hydra             Summ           0%         N/A       100%        7
 Discord                  Hex            0%         N/A       100%        8
 Disjunction              Tloc           0%         N/A       100%        8


Dungeon Overview and Level Annotations

Branches:
Dungeon (13/15)            Temple (0/1) D:7            Lair (2/6) D:11
    Orc (0/2) D:11         Vaults (0/5) D:13          IceCv (1/1)
  Swamp: Lair:2-4    Shoals: Lair:2-4     Snake: Lair:2-4    Spider: Lair:2-4

Altars:
Fedhas
Hepliaklqana
Kikubaaqudgha
Ru
Sif Muna
Wu Jian
Xom
Zin

Shops:
D:1 *   D:2 =   D:8 :[([

Annotations:
D:3 1 runed translucent door, MrRokkomies's ghost, amateur DjWz
D:7 2 transporters, Palle's ghost, novice HOFi
Lair:1 exclusion: obsidian statue IceCv exclusion: 3 ice statues


Message History

The ice statue is heavily damaged.
You are engulfed in freezing vapours.
The ice statue gestures at you. The freezing blast misses you.
The ice statue glitters chillingly in the dim dungeon light.
The ice statue gestures.
You block the cane toad simulacrum's attack.
You thrash the ice statue!!
The ice statue is severely damaged.
You are engulfed in freezing vapours.
The ice statue gestures.
The ice statue gestures at you. The bolt of cold hits you!
Okay, then.
Okay, then.
You hit the ice statue.
The ice statue is severely damaged.
You are engulfed in freezing vapours.
The cane toad simulacrum misses you.
You whack the ice statue!
The ice statue is almost destroyed.
You are engulfed in freezing vapours.
* * * LOW HITPOINT WARNING * * *
The ice statue gestures at you. The freezing blast engulfs you!
* * * LOW HITPOINT WARNING * * *
The ice statue glitters chillingly in the dim dungeon light.
The ice statue gestures at you. The freezing blast engulfs you!
* * * LOW HITPOINT WARNING * * *
The cane toad simulacrum hits you but does no damage.
You hit the ice statue.
The ice statue is almost destroyed.
You are engulfed in freezing vapours.
* * * LOW HITPOINT WARNING * * *
You hit the ice statue but do no damage.
The ice statue is almost destroyed.
You are engulfed in freezing vapours.
* * * LOW HITPOINT WARNING * * *
The ice statue gestures.
The cane toad simulacrum hits you.
You die...

############# ######
##8Y°○8#(()..## ##.....
##...YY@#......###......
#....○☼Z#☼§.....#.......
8....☼○○.§.........∩..∩.
#..Y.○..#.......#.......
##......#[○....###......
##.....#.....## ##.....
############# ######


You could see 3 ice statues, 4 ice beasts and a cane toad simulacrum.

Vanquished Creatures
  Harold (D:9)
  Erolcha (D:13)
  An ogre mage (D:13)
  2 centaur warriors
  4 two-headed ogres
  2 tengu warriors (D:13)
  A skeletal warrior (D:13)
  An orc knight (D:13)
  A deep elf pyromancer (D:10)
  2 cyclopes
  3 slime creatures (D:13)
  An ugly thing (D:12)
  A black mamba (Lair:1)
  A cane toad (Lair:1)
  3 unseen horrors
  A komodo dragon (Lair:1)
  A freezing wraith (IceCv)
  2 ice devils (Lair:2)
  3 meliai (D:13)
  A polar bear (Lair:1)
  5 trolls
  Prince Ribbit (Lair:1)
  2 blink frogs (Lair:1)
  Grinder (D:3)
  Sigmund (D:3)
  2 wyverns
  A vampire (D:10)
  4 wraiths
  9 yaks
  2 steam dragons
  2 basilisks
  Menkaure (D:5)
  2 vampire mosquitoes (D:13)
  A water moccasin (D:6)
  An acid dragon (D:13)
  3 hornet zombies
  4 orc warriors
  A sky beast (D:7)
  5 ogres
  A black bear (D:8)
  4 wolves (Lair:2)
  A boggart (D:13)
  12 centaurs
  A phantom (D:5)
  6 kobold brigands
  5 bullfrogs
  A wyvern zombie (D:7)
  6 scorpions
  2 water moccasin skeletons (D:6)
  10 killer bees
  3 elephant simulacra (IceCv)
  5 spriggan skeletons (D:13)
  4 wights
  A troll skeleton (D:13)
  An electric eel (Lair:1)
  A bullfrog zombie (D:6)
  A howler monkey (D:7)
  5 centaur zombies
  2 hounds
  A gnoll shaman (D:7)
  5 orc priests
  4 bullfrog skeletons
  3 centaur skeletons
  3 iguanas (D:5)
  Jessica (D:3)
  Natasha (thrice) (D:2)
  11 orc wizards
  A polar bear simulacrum (IceCv)
  A killer bee zombie (D:6)
  A wolf simulacrum (IceCv)
  A howler monkey zombie (D:6)
  Robin (D:4)
  3 gnolls (D:7)
  6 adders
  A howler monkey skeleton (D:6)
  A shadow imp (D:6)
  2 adder skeletons (D:4)
  2 worms
  3 dart slugs
  30 orcs
  7 endoplasms
  7 giant cockroaches
  8 hobgoblins
  3 jackals
  A quokka (D:1)
  3 ball pythons
  5 bats
  A frilled lizard (D:3)
  15 goblins
  19 kobolds
  11 rats
317 creatures vanquished.

Vanquished Creatures (collateral kills)
  2 hydras (Lair:1)
  A boulder beetle (Lair:1)
  A two-headed ogre (D:13)
  2 tengu warriors (D:13)
  2 deep elf pyromancers (D:12)
  A cyclops (D:13)
  A black mamba (Lair:1)
  A gargoyle (D:10)
  3 centaur skeletons (D:13)
  A komodo dragon (Lair:1)
  A kobold demonologist (D:12)
  4 blink frogs (Lair:1)
  A shadow (D:11)
  2 wyverns
  8 yaks
  2 basilisks (Lair:1)
  A wraith (D:12)
  2 vampire mosquitoes (D:10)
  2 water moccasins (Lair:1)
  An orc warrior (D:10)
  4 centaurs (D:11)
  A wolf (Lair:2)
  2 killer bees (D:10)
  An electric eel (D:13)
  An orc wizard (D:13)
  2 kobolds (D:13)
50 creatures vanquished.

Vanquished Creatures (others)
  An orc sorcerer (D:13)
  2 orc priests
  3 fungi (Lair:1)
  19 plants
25 creatures vanquished.

Grand Total: 392 creatures vanquished

Notes
Turn   | Place    | Note
-------+----------+-------------------------------------------
     0 | D:1      | Palle the Hill Orc Fighter began the quest for the Orb.
     0 | D:1      | Reached XP level 1. HP: 19/19 MP: 1/1
     1 | D:1      | Found a runed translucent door.
    17 | D:1      | Reached XP level 2. HP: 16/27 MP: 2/2
   393 | D:1      | Reached XP level 3. HP: 33/33 MP: 3/3
   486 | D:1      | Found a faded altar of an unknown god.
   594 | D:1      | Found Uxzy's General Store.
  1373 | D:2      | Noticed Natasha
  1383 | D:2      | Killed Natasha
  1384 | D:2      | Reached XP level 4. HP: 23/40 MP: 4/4
  1508 | D:2      | Found Nuicaupu's Jewellery Shop.
  1651 | D:2      | Noticed Natasha
  1662 | D:2      | Killed Natasha
  1719 | D:2      | Noticed Natasha
  1729 | D:2      | Killed Natasha
  1730 | D:2      | Reached XP level 5. HP: 30/46 MP: 5/5
  2265 | D:3      | Noticed Grinder
  2286 | D:3      | Paralysed by Grinder for 6 turns
  2294 | D:3      | Paralysed by Grinder for 5 turns
  2301 | D:3      | Paralysed by Grinder for 2 turns
  2303 | D:3      | Killed Grinder
  2304 | D:3      | Reached skill level 5 in Axes
  2304 | D:3      | Reached skill level 1 in Dodging
  2304 | D:3      | Reached XP level 6. HP: 21/53 MP: 6/6
  2663 | D:3      | Found a blossoming altar of Fedhas.
  2711 | D:3      | Found a runed translucent door.
  2711 | D:3      | Noticed MrRokkomies's ghost (amateur DjWz)
  2736 | D:3      | Noticed Sigmund
  2736 | D:3      | Noticed Jessica
  2748 | D:3      | Killed Jessica
  2749 | D:3      | Killed Sigmund
  2750 | D:3      | Reached skill level 5 in Armour
  2750 | D:3      | Reached XP level 7. HP: 24/60 MP: 7/7
  3205 | D:3      | Found a hazy altar of Hepliaklqana.
  3206 | D:3      | Found a shimmering altar of Xom.
  3207 | D:3      | Noticed a spectral ugly thing
  3799 | D:4      | Noticed Robin
  3825 | D:4      | Killed Robin
  4140 | D:4      | Reached skill level 5 in Fighting
  4441 | D:4      | Became a worshipper of Beogh the Brigand
  4665 | D:4      | Reached XP level 8. HP: 68/68 MP: 8/8
  4679 | D:4      | Identified a scroll of acquirement
  4679 | D:4      | Acquired a manual of Fighting
  4929 | D:5      | Entered Level 5 of the Dungeon
  5387 | D:5      | Reached skill level 1 in Stealth
  5387 | D:5      | Reached skill level 5 in Shields
  5748 | D:5      | Noticed Menkaure
  5771 | D:5      | Killed Menkaure
  6438 | D:6      | Reached * piety under Beogh
  6439 | D:6      | Reached XP level 9. HP: 76/78 MP: 9/9
  6773 | D:6      | Reached skill level 10 in Axes
  7023 | D:6      | Found an ornate altar of the Wu Jian Council.
  7187 | D:6      | Identified the +1 ring mail of Resourcefulness {Will+}
  7632 | D:6      | Found an ornate altar of the Wu Jian Council.
  7847 | D:7      | Found a staircase to the Ecumenical Temple.
  7922 | D:7      | Reached ** piety under Beogh
  8171 | D:7      | Found an ancient bone altar of Kikubaaqudgha.
  8185 | D:7      | Reached XP level 10. HP: 89/90 MP: 10/10
  8241 | D:7      | Found a transporter.
  8246 | D:7      | Noticed Palle's ghost (novice HOFi)
  8246 | D:7      | Noticed a moth of wrath
  8260 | D:7      | Found a transporter.
  8561 | D:8      | Noticed a two-headed ogre
  8583 | D:7      | Killed a two-headed ogre
  8858 | D:8      | Found Anwez's Armour Boutique.
  8934 | D:8      | Found Qezoirun's Book Emporium.
  9035 | D:8      | Found Ukkerom's Antique Weapon Shoppe.
  9036 | D:8      | Noticed a cyclops
  9051 | D:8      | Killed a cyclops
  9261 | D:8      | Found a glowing silver altar of Zin.
  9534 | D:8      | Found Roasmusm's Antique Armour Shop.
  9679 | D:8      | Found a shimmering blue altar of Sif Muna.
  9946 | D:9      | Reached *** piety under Beogh
 10585 | D:5      | Identified the ring of Cihen {Str+6 Dex+5}
 10780 | D:9      | Noticed Harold
 10797 | D:9      | Killed Harold
 11112 | D:9      | Reached skill level 10 in Fighting
 11112 | D:9      | Reached XP level 11. HP: 101/101 MP: 11/11
 11129 | D:9      | Found a sacrificial altar of Ru.
 11476 | D:10     | Entered Level 10 of the Dungeon
 11671 | D:10     | Noticed a deep elf pyromancer
 11706 | D:10     | Killed a deep elf pyromancer
 12196 | D:10     | Noticed a two-headed ogre
 12202 | D:10     | Noticed a two-headed ogre
 12205 | D:10     | Killed a two-headed ogre
 12212 | D:10     | Killed a two-headed ogre
 12429 | D:10     | Acquired 852 gold pieces
 12506 | D:8      | Bought the +8 whip "Snakebite" {venom, curare, rPois} for
                  | 1084 gold pieces
 12506 | D:8      | Found the +8 whip "Snakebite" {venom, curare, rPois}
 12874 | D:11     | Found a staircase to the Lair.
 13311 | D:11     | Reached skill level 1 in Maces & Flails
 13455 | D:11     | Found a staircase to the Orcish Mines.
 13559 | D:11     | Reached skill level 10 in Shields
 14317 | D:12     | Noticed a deep elf pyromancer
 14321 | D:12     | Killed a deep elf pyromancer
 14356 | D:12     | Reached **** piety under Beogh
 14392 | D:12     | Reached XP level 12. HP: 106/112 MP: 12/12
 14461 | D:12     | Noticed a centaur warrior
 14469 | D:12     | Killed a centaur warrior
 14470 | D:12     | Reached skill level 10 in Armour
 14693 | D:12     | Noticed a two-headed ogre
 14700 | D:12     | Killed a two-headed ogre
 14791 | D:12     | Acquired a ring of flight
 15041 | D:13     | Gained Bogwald as an ally
 15151 | D:13     | Noticed Erolcha
 15153 | D:13     | Noticed a tengu warrior
 15158 | D:13     | Killed Erolcha
 15166 | D:13     | Killed a tengu warrior
 15272 | D:13     | Noticed a tengu warrior
 15278 | D:13     | Killed a tengu warrior
 15334 | D:13     | Noticed an ogre mage
 15335 | D:13     | Noticed a centaur warrior
 15336 | D:13     | Noticed a two-headed ogre
 15339 | D:13     | Noticed a tengu warrior
 15348 | D:13     | Noticed a tengu warrior
 15348 | D:13     | Killed a two-headed ogre
 15355 | D:13     | Killed an ogre mage
 15355 | D:13     | Your ally Bogwald died
 15361 | D:13     | Reached skill level 5 in Maces & Flails
 15566 | D:13     | Gained Bladwarg as an ally
 15587 | D:13     | Found a gate to the Vaults.
 15658 | D:13     | Noticed a centaur warrior
 15659 | D:13     | Noticed a tengu warrior
 15665 | D:13     | Noticed a tengu warrior
 15670 | D:13     | Killed a tengu warrior
 15677 | D:13     | Killed a tengu warrior
 15684 | D:13     | Killed a centaur warrior
 15918 | D:13     | Reached ***** piety under Beogh
 15945 | D:13     | Identified the +1 spear "Warorar" {freeze, Fly rElec rN+}
 15949 | D:13     | Reached XP level 13. HP: 89/122 MP: 13/13
 16661 | Lair:1   | Entered Level 1 of the Lair of Beasts
 16667 | Lair:1   | Noticed Prince Ribbit
 16676 | Lair:1   | Killed Prince Ribbit
 16829 | Lair:1   | Your ally Bladwarg died
 16831 | Lair:1   | Gained Ugrim as an ally
 17921 | Lair:2   | Found a frozen archway.
 17953 | IceCv    | Entered an ice cave
 18248 | IceCv    | HP: 5/124 [ice statue] (5)]
 18248 | IceCv    | Slain by a cane toad simulacrum

Illustrated notes

Levels and vault maps discovered:
D:1:      dpeg_arrival_caged_fury, layout_basic, serial_shops,
          nicolae_diamond_shop, shapermc_ecumenical_altar_petra,
          grunt_decor_fettered
D:2:      layout_basic, serial_shops, nicolae_square_shop, uniq_natasha
D:3:      layout_basic, regret_index_temple_of_mockery, general_overflow_altar,
          gammafunk_ghost_grave, ebering_dispersal_statue_hall,
          minmay_statues_item, grunt_ministairs_15, uniq_sigmund, uniq_grinder,
          uniq_jessica
D:4:      cheibrodos_thug_alley, layout_loops_corners, uniq_robin
D:5:      layout_basic, lemuel_flame_loot_1, uniq_menkaure
D:6:      layout_loops_ring, lemuel_doored_altar, serial_undead,
          serial_undead_f, serial_undead_a, serial_undead_f, serial_undead_f,
          kennysheep_small_circle
D:7:      layout_cave_pools, nicolae_kikubaaqudgha_miasma_corner,
          minmay_temple_entry_tees, gammafunk_ghost_berserking_beasts
D:8:      layout_rooms, nicolae_sif_muna_little_library,
          mainiacjoe_overflow_brackets, serial_shops, nicolae_shop_statue_plus,
          nicolae_shop_waterfront, nicolae_lakefront_shop, shop_statue,
          st_stairs_11, kennysheep_flooded_box
D:9:      layout_gridville, nicolae_ru_path_of_blood, uniq_harold
D:10:     layout_rooms, glass_columns_b, minmay_variable_closet, minivault_22,
          wad_floor_pattern_1
D:11:     layout_long_grid, dpeg_oklobed_lair, orc_0_dummy,
          chequers_serial_rivers_large_a, hangedman_decor_slide_cut,
          minmay_misc_feat_tiny, kennysheep_cross_bottleneck,
          minmay_strange_pillars
D:12:     layout_irregular_city
D:13:     layout_basic, hangedman_vaults_entry_quadrant_bands,
          hangedman_tell_no_tales, uniq_erolcha
Lair:1:   statuecave_lemuel, layout_hall_layers, chequers_serial_rivers_micro_a,
          grunt_megastairs_5, uniq_prince_ribbit2
Lair:2:   layout_cave_pods, portal_ice_cave_demonic_guard, serial_bayou_shore_a,
          grunt_megastairs_3
IceCv:    ice_cave_statue_garden_chambered

Skill      XL: |  1  2  3  4  5  6  7  8  9 10 11 12 13 |
---------------+----------------------------------------+-----
Axes           | 3 4 5 6 7 9 11 13 14 | 14.8
Fighting       | 4 5 6 8 10 11 13 14 | 14.3
Armour         | 4 5 6 7 8 9 11 12 | 12.0
Shields        | 4 5 6 8 10 12 | 12.3
Dodging        | 1 2 3 |  3.3
Stealth        | 1 2 |  2.9
Maces & Flails | 2 6 8 |  8.6
Invocations    | |  0.8

Action                   |  1- 3 |  4- 6 |  7- 9 | 10-12 | 13-15 || total
-------------------------+-------+-------+-------+-------+-------++-------
Melee: War axe           |   103 |    56 |   453 |   217 |       ||   829
       Whip              |       |       |       |   220 |   218 ||   438
Invok: Convert to Beogh  |       |       |     1 |       |       ||     1
       Recall Orcish Fol |       |       |       |       |     2 ||     2
  Use: Scroll            |       |     3 |    16 |    11 |     1 ||    31
       Potion            |       |     1 |       |       |     1 ||     2
 Stab: Distracted        |       |       |       |     2 |     2 ||     4
       Paralysed         |       |       |       |     2 |       ||     2
Armor: Scale mail        |    51 |    16 |   171 |    24 |       ||   262
       Plate armour      |       |       |       |   198 |    45 ||   243
Dodge: Dodged            |    44 |    25 |   116 |   138 |    45 ||   368
Block: Buckler           |    18 |    12 |    12 |       |       ||    42
       Kite shield       |       |       |   205 |   323 |   109 ||   637

Table legend: (Time is in decaauts)
 A = Elapsed time spent in this place.
 B = Non-inter-level travel time spent in this place.
 C = Inter-level travel time spent in this place.
 D = Time resting spent in this place.
 E = Time spent auto-exploring this place.
 F = Levels seen in this place.
 G = Mean time per level.
                   A        B        C        D        E       F      G
               +--------+--------+--------+--------+--------+-----+--------+
         Total |  18299 |  17598 |    701 |   4588 |   9332 |  16 | 1143.7 |
       Dungeon |  16767 |  16097 |    670 |   3994 |   8743 |  13 | 1289.8 |
          Lair |   1251 |   1220 |     31 |    376 |    589 |   2 |  625.5 |
      Ice Cave |    281 |    281 |      0 |    218 |      0 |   1 |  281.0 |
               +--------+--------+--------+--------+--------+-----+--------+

Top non-repeatable levels by time:
     D:4: 1608 daAuts
     D:5: 1592 daAuts
    D:13: 1533 daAuts
     D:6: 1515 daAuts
     D:3: 1327 daAuts
    D:11: 1314 daAuts
    D:10: 1293 daAuts
     D:2: 1218 daAuts
     D:8: 1211 daAuts
  Lair:1: 1179 daAuts
     D:9: 1134 daAuts
     D:1: 1101 daAuts
     D:7: 1041 daAuts
    D:12: 875 daAuts
   IceCv: 281 daAuts
